 Dungeon Crawl Stone Soup version 0.29-a0-370-gb5314be063 (webtiles) character file.

Game seed: 11459085141534505610

427 Artihs the Skirmisher (level 7, -7/47 (55) HPs)
             Began as a Human Fighter on May 2, 2022.
             Mangled by a wight
             ... wielding a +2 great sword
              (10 damage)
             ... on level 4 of the Dungeon.
             The game lasted 00:13:36 (3798 turns).

Artihs the Skirmisher (Human Fighter)               Turns: 3798, Time: 00:13:37

HP:   -7/47 (55)    AC: 14    Str: 16    XL:     7   Next: 18%
MP:   7/7           EV:  9    Int:  9    God:
Gold: 155           SH:  5    Dex: 14    Spells: 6/6 levels left

rFire   . . .      SeeInvis .   r - +0 mace
rCold   . . .      Faith    .   c - +0 buckler
rNeg    . . .      Spirit   .   b - +0 scale mail
rPois   .          Reflect  .   i - +1 hat
rElec   .          Harm     .   (no cloak)
rCorr   .          Rampage  .   (no gloves)
Will    .....                   q - +1 pair of boots
Stlth   ..........              (no amulet)
HPRegen 0.15/turn               k - +4 ring of protection
MPRegen 0.10/turn               (no ring)

@: heavily drained
A: no striking features
a: no special abilities


You were on level 4 of the Dungeon.
You visited 1 branch of the dungeon, and saw 4 of its levels.

You collected 155 gold pieces.

Inventory:

Hand Weapons
 a - a +0 flail
 r - a +0 mace (weapon)
 s - a +0 whip
 t - the +7 short sword of Classification {drain, *Slow rN+ SInv}
   (You found it on level 4 of the Dungeon)

   A truly terrible weapon, it drains the life of any living foe it strikes.
   rN:        It protects you from negative energy.
   SInv:      It lets you see invisible.
   *Slow:     It may slow you when you take damage.
Missiles
 o - a poisoned dart (quivered)
Armour
 b - a +0 scale mail (worn)
 c - a +0 buckler (worn)
 g - a +0 pair of boots
 i - a +1 hat (worn)
 m - a +0 pair of boots
 q - a +1 pair of boots (worn)
Jewellery
 k - a +4 ring of protection (left hand)
Wands
 p - a wand of mindburst (13)
 u - a wand of polymorph (4)
Scrolls
 e - 8 scrolls of identify
 h - 3 scrolls of immolation
 l - a scroll of enchant weapon {unknown}
Potions
 d - 2 potions of might
 f - 2 potions of haste
 j - a potion of attraction {unknown}
 n - a potion of invisibility {unknown}


   Skills:
 * Level 4.7 Fighting
 * Level 4.2 Maces & Flails
 + Level 3.8 Armour
 + Level 2.2 Dodging
 + Level 3.9 Shields


You had 6 spell levels left.
You didn't know any spells.
Your spell library contained the following spells:

 Spells                   Type           Power      Damage    Failure   Level
 Beastly Appendage        Tmut           0%         N/A       88%         1
 Wereblood                Tmut           0%         N/A       95%         2
 Spider Form              Tmut/Pois      0%         N/A       99%         3


Dungeon Overview and Level Annotations

Branches:
Dungeon (4/15)
 Temple: D:4-7

Altars:


Message History

The wight's mind is blasted.
Aiming: Mindburst
Press: ? - help, Q - select action, (/) - cycle Shift-Dir - straight line, f/p - wight
Aim: a wight, wielding a +0 hand axe and wearing a +0 robe (moderately damaged, chance to affect: 64%)
The wight struggles to resist.
A wight comes into view. It is wielding a +5 hand axe.
Aiming: Mindburst
Press: ? - help, Q - select action, (/) - cycle Shift-Dir - straight line, f/p - wight
Aim: a wight, wielding a +0 hand axe and wearing a +0 robe (moderately damaged, chance to affect: 64%)
The wight's mind is blasted!
You blow up the wight!
Aiming: Mindburst
Press: ? - help, Q - select action, (/) - cycle Shift-Dir - straight line, f - wight
Aim: a wight, wielding a +2 great sword and wearing a +0 robe (chance to affect: 64%)
The wight struggles to resist.
The wight barely misses you.
You hit the wight.
The wight is moderately damaged.
The wight hits you with a +2 great sword.
You hit the wight.
The wight is moderately damaged.
The wight hits you with a +2 great sword.
You feel drained.
You closely miss the wight.
The wight is moderately damaged.
The wight hits you with a +2 great sword!
You feel drained.
You hit the wight but do no damage.
The wight is moderately damaged.
The wight hits you with a +2 great sword!
You feel drained.
* * * LOW HITPOINT WARNING * * *
The wight hits you with a +2 great sword.
* * * LOW HITPOINT WARNING * * *
You feel drained.
* * * LOW HITPOINT WARNING * * *
You hit the wight.
The wight is severely damaged.
The wight hits you with a +2 great sword!
You die...

#.#
#.######.#
#.........
#..#####.#
#..#####.#
#........#
##.#####.#
#.#####.#
#..@zz..#
#.#####>#
#.# .# #..
). #.# )##
#.# z# #.#
.. #. ##


You could see 2 wights.

Vanquished Creatures
  2 wights (D:4)
  3 orc priests (D:3)
  A jelly (D:4)
  Jessica (D:2)
  An orc wizard (D:3)
  Natasha (twice) (D:2)
  5 adders
  2 worms
  4 orcs (D:3)
  4 endoplasms
  A giant cockroach (D:2)
  4 goblins
  7 hobgoblins
  4 kobolds
  A quokka (D:3)
  8 ball pythons
  5 bats
  6 frilled lizards
  4 rats
65 creatures vanquished.

Notes
Turn   | Place    | Note
-------+----------+-------------------------------------------
     0 | D:1      | Artihs the Human Fighter began the quest for the Orb.
     0 | D:1      | Reached XP level 1. HP: 18/18 MP: 1/1
    58 | D:1      | Found a faded altar of an unknown god.
   255 | D:1      | Reached XP level 2. HP: 24/24 MP: 2/2
   904 | D:1      | Reached XP level 3. HP: 29/29 MP: 3/3
  1659 | D:2      | Noticed Jessica
  1673 | D:2      | Killed Jessica
  1674 | D:2      | Reached skill level 1 in Dodging
  1674 | D:2      | Reached XP level 4. HP: 33/36 MP: 4/4
  2038 | D:2      | Noticed Natasha
  2047 | D:2      | Killed Natasha
  2048 | D:2      | Reached XP level 5. HP: 23/42 MP: 5/5
  2220 | D:2      | Noticed Natasha
  2231 | D:2      | Killed Natasha
  2906 | D:3      | Reached XP level 6. HP: 34/48 MP: 6/6
  3638 | D:4      | Identified the +7 short sword of Classification {drain,
                  | *Slow rN+ SInv}
  3785 | D:4      | Reached XP level 7. HP: 48/50 MP: 7/7
  3798 | D:4      | Mangled by a wight

Illustrated notes

Levels and vault maps discovered:
D:1:      dpeg_arrival_renting, layout_basic,
          ebering_ecumenical_altar_abandoned, st_stairs_2, minmay_ruptured
D:2:      layout_loops_corners, uniq_natasha, uniq_jessica
D:3:      cheibrodos_old_hovel, layout_loops_ring, skrybe_limestone_x,
          moated_statue, minmay_cut_off
D:4:      layout_loops_ring, serial_shops, shop, uniq_duvessa

Skill      XL: |  1  2  3  4  5  6 |
---------------+-------------------+-----
Dodging        | 1 2 |  2.2
Maces & Flails | 3 4 |  4.2
Fighting       | 4 |  4.7
Armour         | |  3.8
Shields        | |  3.9

Action                   |  1- 3 |  4- 6 |  7- 9 || total
-------------------------+-------+-------+-------++-------
Melee: Flail             |    79 |    94 |       ||   173
       Mace              |       |    20 |     5 ||    25
Throw: Dart              |       |     3 |       ||     3
Evoke: Wand              |       |     2 |     4 ||     6
  Use: Scroll            |     1 |     1 |       ||     2
       Potion            |     1 |       |       ||     1
Armor: Scale mail        |    42 |    55 |       ||    97
Dodge: Dodged            |    32 |    31 |     1 ||    64
Block: Buckler           |    16 |    17 |       ||    33

Table legend: (Time is in decaauts)
 A = Elapsed time spent in this place.
 B = Non-inter-level travel time spent in this place.
 C = Inter-level travel time spent in this place.
 D = Time resting spent in this place.
 E = Time spent auto-exploring this place.
 F = Levels seen in this place.
 G = Mean time per level.
                   A        B        C        D        E       F      G
               +--------+--------+--------+--------+--------+-----+--------+
         Total |   3861 |   3594 |    267 |    602 |   2457 |   4 |  965.2 |
       Dungeon |   3861 |   3594 |    267 |    602 |   2457 |   4 |  965.2 |
               +--------+--------+--------+--------+--------+-----+--------+

Top non-repeatable levels by time:
     D:2: 1274 daAuts
     D:3: 1203 daAuts
     D:1: 1199 daAuts
     D:4: 183 daAuts
